 Dungeon Crawl Stone Soup version 0.30.1-6-gbe392663c4 (webtiles) character file.

Game seed: 3077753265364579892

6134 safid the Frost Mage (level 10, 0/123 HPs)
             Began as a Merfolk Ice Elementalist on Sept 21, 2023.
             Killed from afar by a gargoyle (27 damage)
             ... with a stone arrow
             ... in a bailey.
             The game lasted 00:17:15 (8870 turns).

safid the Frost Mage (Merfolk Ice Elementalist)     Turns: 8870, Time: 00:17:16

Health: 0/123      AC: 33    Str: 12 (15) XL:     10   Next: 89%
Magic:  21/32      EV:  2    Int: 18 (19) God:
Gold:   327        SH:  0    Dex: 13 (14) Spells: 10/24 levels left

rFire   . . .        p - +4 dagger
rCold   . . .        (no shield)
rNeg    . . .        x - melded +1 robe of Unambiguity {rN+ Regen+ MP+9 Stlth+}
rPois   +            (helmet currently unavailable)
rElec   .            G - melded +0 cloak
rCorr   .            (gloves currently unavailable)
SInv    .            (boots currently unavailable)
Will    .....        (no amulet)
Stlth   ++           y - +6 ring of strength
HPRegen 0.40/turn    A - ring of magical power
MPRegen 0.23/turn

%: no passive effects
@: ice-armoured, tree-form, freezing walls
A: stationary, stasis, torment immunity, boosted hp, (nimble swimmer 2),
(mertail), (iridescent scales 1), deterioration 1, high MP 1, wild magic 1
a: no special abilities


You were in a bailey.
You were a tree.
You visited 2 branches of the dungeon, and saw 9 of its levels.
You also visited: Bailey.

You collected 327 gold pieces.

Inventory:

Hand Weapons
 p - a +4 dagger (weapon)
Missiles
 D - a curare-tipped dart
Armour
 x - the +1 robe of Unambiguity (melded) {rN+ Regen+ MP+9 Stlth+}
   (You found it on level 4 of the Dungeon)

   rN:        It protects you from negative energy.
   MP:        It affects your magic capacity (+9).
   Regen:     It increases your rate of health regeneration.
   Stlth:     It makes you more stealthy.
 G - a +0 cloak (melded)
Jewellery
 w - a ring of ice
 y - a +6 ring of strength (left branch)
 A - a ring of magical power (right branch)
Wands
 d - a wand of mindburst (8)
 B - a wand of flame (7)
Scrolls
 c - 3 scrolls of fog
 e - 2 scrolls of fear {unknown}
 f - a scroll of teleportation
 g - a scroll of immolation {unknown}
 k - a scroll of enchant armour {unknown}
 m - a scroll of silence {unknown}
 n - 2 scrolls of amnesia
 r - a scroll of enchant weapon {unknown}
 u - 2 scrolls of vulnerability
 v - 3 scrolls of magic mapping {unknown}
 E - a scroll of poison {unknown}
 F - a scroll of blinking {unknown}
Potions
 a - 2 potions of lignification
 b - 2 potions of magic
 h - 2 potions of mutation
 i - a potion of curing
 j - a potion of brilliance {unknown}
 l - a potion of cancellation {unknown}
 o - 2 potions of haste {unknown}
 q - a potion of might
 s - 3 potions of ambrosia {unknown}
 t - a potion of attraction {unknown}
 z - a potion of berserk rage {unknown}
 C - 3 potions of degeneration
 H - a potion of flight {unknown}


   Skills:
 + Level 8.7 Fighting
 + Level 5.8 Dodging
 - Level 2.1 Stealth
 + Level 7.6 Spellcasting
 + Level 3.1 Conjurations
 + Level 3.1 Translocations
 + Level 9.9 Ice Magic
 + Level 3.0 Air Magic


You had 10 spell levels left.
You knew the following spells:

 Your Spells              Type           Power      Damage    Failure   Level
a - Freeze                Ice            100%       1d10      1%          1
b - Frozen Ramparts       Ice            100%       1d16      1%          3
c - Ozocubu's Armour      Ice            53%        N/A       1%          3
d - Blink                 Tloc           46%        N/A       7%          2
e - Freezing Cloud        Conj/Ice/Air   17%        6-21      38%         5

Your spell library contained the following spells:

 Spells                   Type           Power      Damage    Failure   Level
 Ensorcelled Hibernation  Hex/Ice        64%        N/A       3%          2
 Poisonous Vapours        Pois/Air       32%        N/A       13%         2
 Swiftness                Air            23%        N/A       13%         3
 Mephitic Cloud           Conj/Pois/Air  18%        N/A       19%         3
 Summon Ice Beast         Ice/Summ       32%        N/A       19%         4
 Passwall                 Tmut/Erth      6%         N/A       22%         2
 Manifold Assault         Tloc           23%        N/A       36%         4
 Storm Form               Tmut/Air       8%         N/A       100%        7


Dungeon Overview and Level Annotations

Branches:
Dungeon (8/15)             Temple (1/1) D:5          Bailey (1/1)
   Lair: D:8-11

Altars:
Ashenzari
Cheibriados
Dithmenos
Elyvilon
Fedhas
Gozag
Hepliaklqana
Kikubaaqudgha
Makhleb
Nemelex Xobeh
Okawaru
Qazlal
Sif Muna
Trog
Uskayaw
Wu Jian
Xom
Yredelemnul
Zin
The Shining One

Shops:
D:1 [   D:7 *

Annotations:
D:6 1 runed translucent door, Crazy Yiuf


Innate Abilities, Weirdness & Mutations

You are a tree.
Your roots penetrate the ground, keeping you stationary.
You cannot be teleported.
You are immune to unholy pain and torment.
Your maximum health is greatly increased.
Your equipment is partially melded.
((You are very nimble when in or above water. (Stealth+, EV+, Speed+++)))
((Your lower body shifts to a powerful aquatic tail in water.))
((You are partially covered in iridescent scales. (AC +2)))
Your body sometimes deteriorates upon taking damage.
You have an increased reservoir of magic. (+10% MP)
Your spells are a little harder to cast, but a little more powerful.


Message History

The gargoyle hits you with a +0 mace.
Casting: Freeze (safe; 1% risk of failure)
Confirm with . or Enter, or press ? or * to list all spells.
Casting: Frozen Ramparts (safe; 1% risk of failure)
Press: ? - help, Dir - look around, f - activate The walls around you are covered in ice.
The orc warrior zombie resists.
The wall freezes the orc warrior zombie.
The orc warrior zombie hits you but does no damage.
The wall freezes the gargoyle!
The gargoyle hurls a stone arrow at you.
The stone arrow hits you!!
* * * LOW HITPOINT WARNING * * *
It was a potion of degeneration.
There was something very wrong with that liquid.
You feel weakened.
You feel dopey.
You feel clumsy.
The wall freezes the gargoyle.
The gargoyle hits you with a +0 mace.
* * * LOW HITPOINT WARNING * * *
The orc warrior zombie resists.
The wall freezes the orc warrior zombie.
The orc warrior zombie misses you.
Unknown command.
It was a potion of mutation.
You feel extremely strange.
You feel less in control of your magic.
Iridescent scales grow over part of your body.
You feel yourself wasting away.
You feel more energetic.
The wall freezes the gargoyle.
The gargoyle closely misses you.
Unknown command.
It was a potion of lignification.
You turn into a tree.
Your +0 cloak melds into your body.
The +1 robe of Unambiguity {rN+ Regen+ MP+9 Stlth+} melds into your body.
You feel your magic capacity decrease.
Your roots penetrate the ground.
The orc warrior zombie completely resists.
The wall freezes the orc warrior zombie but does no damage.
The orc warrior zombie hits you with a +3 trident.
* * * LOW HITPOINT WARNING * * *
The wall freezes the gargoyle but does no damage.
The gargoyle hurls a stone arrow at you.
The stone arrow hits you!!
You die...

##### #...# ### #....
..##+# #....♣......
#............ ###
#..♣♣........ ...
#Z9...♣...... ...
#♣....♣..... #
##............#### ##
##..♣........+..# ##.
#............#..# #...
##).....♣♣♣...#.)#
#...##))...........#.)#
#......######..♣...#..#
#......#))..#......#..#
#8.....#))..#......'..'


You could see a gargoyle and an orc warrior zombie.

Vanquished Creatures
  Erica (D:8)
  Pikel (D:8)
  Maurice (D:8)
  Maggie (D:6)
  6 yaks (D:8)
  2 steam dragons
  Edmund (D:6)
  2 orc warriors
  An ice beast (D:6)
  3 black bears
  A sky beast (D:7)
  A phantom (D:6)
  4 lemures (D:8)
  3 kobold brigands
  3 bullfrogs
  4 scorpions
  4 wights (D:8)
  7 vampire bats (Bailey)
  2 howler monkeys (D:7)
  6 wolf zombies (Bailey)
  A crimson imp (D:6)
  2 hounds
  4 jellies (D:6)
  6 orc priests
  A gnoll bouda (D:7)
  3 iguanas
  9 orc wizards
  7 gnolls
  10 adders
  A shadow imp (D:6)
  2 white imps
  An ufetubus (D:6)
  A worm (D:2)
  5 dart slugs
  36 orcs
  8 ball pythons
  5 endoplasms
  2 giant cockroaches
  10 goblins
  3 hobgoblins
  5 jackals
  5 quokkas
  6 bats
  2 frilled lizards
  23 kobolds
  11 orc zombies (Bailey)
  4 rats
227 creatures vanquished.

Notes
Turn   | Place    | Note
-------+----------+-------------------------------------------
     0 | D:1      | safid the Merfolk Ice Elementalist began the quest for the
                  | Orb.
     0 | D:1      | Reached XP level 1. HP: 13/13 MP: 3/3
   234 | D:1      | Reached XP level 2. HP: 19/20 MP: 3/5
   351 | D:1      | Reached skill level 1 in Fighting
   725 | D:1      | Reached XP level 3. HP: 26/26 MP: 6/6
   729 | D:1      | Learned a level 3 spell: Frozen Ramparts
  1839 | D:2      | Reached skill level 5 in Ice Magic
  1900 | D:2      | Reached XP level 4. HP: 33/33 MP: 4/8
  2469 | D:3      | Reached XP level 5. HP: 19/39 MP: 5/9
  2476 | D:3      | Learned a level 3 spell: Ozocubu's Armour
  2710 | D:3      | Reached XP level 6. HP: 45/47 MP: 4/11
  2888 | D:3      | Found a faded altar of an unknown god.
  3177 | D:4      | Reached skill level 6 in Ice Magic
  4022 | D:4      | Identified the +1 robe of Unambiguity {rN+ Regen+ MP+9
                  | Stlth+}
  4111 | D:4      | Learned a level 2 spell: Blink
  4290 | D:5      | Entered Level 5 of the Dungeon
  4434 | D:5      | Reached XP level 7. HP: 44/54 MP: 13/13
  4928 | D:5      | Found a staircase to the Ecumenical Temple.
  5076 | Temple   | Entered the Ecumenical Temple
  5529 | D:5      | Reached skill level 5 in Fighting
  5775 | D:6      | Reached skill level 7 in Ice Magic
  5784 | D:6      | Reached skill level 5 in Spellcasting
  5784 | D:6      | Reached XP level 8. HP: 51/63 MP: 15/15
  5940 | D:6      | Noticed Edmund
  5951 | D:6      | Killed Edmund
  6148 | D:6      | Reached skill level 8 in Ice Magic
  6196 | D:6      | Found a runed translucent door.
  6197 | D:6      | Noticed Crazy Yiuf
  6663 | D:6      | Noticed Maggie
  6705 | D:6      | Killed Maggie
  6706 | D:6      | Reached XP level 9. HP: 58/72 MP: 16/18
  7293 | D:7      | Found Kegoc's Sacrilege Store.
  7319 | D:7      | Learned a level 5 spell: Freezing Cloud
  7448 | D:7      | Reached skill level 9 in Ice Magic
  7499 | D:7      | Found an iron altar of Okawaru.
  7592 | D:7      | Reached skill level 1 in Conjurations
  7592 | D:7      | Reached skill level 1 in Translocations
  7592 | D:7      | Reached skill level 1 in Air Magic
  7866 | D:8      | Noticed Pikel
  7886 | D:8      | Killed Pikel
  7887 | D:8      | Reached XP level 10. HP: 44/80 MP: 20/20
  7924 | D:8      | Noticed Maurice
  7937 | D:8      | HP: 2/80 [Maurice/+0 short sword (4)]
  8018 | D:8      | Killed Maurice
  8038 | D:8      | Noticed Erica
  8048 | D:8      | Killed Erica
  8068 | D:8      | Reached skill level 5 in Dodging
  8139 | D:8      | Found a white marble altar of Elyvilon.
  8344 | D:8      | Found a shimmering blue altar of Sif Muna.
  8388 | D:8      | Found a flagged portal.
  8396 | Bailey   | Entered a bailey
  8855 | Bailey   | Noticed a gargoyle
  8869 | Bailey   | Gained mutation: Your spells are a little harder to cast,
                  | but a little more powerful. [potion of mutation]
  8869 | Bailey   | Gained mutation: You are partially covered in iridescent
                  | scales. (AC +2) [potion of mutation]
  8869 | Bailey   | Gained mutation: Your body sometimes deteriorates upon
                  | taking damage. [potion of mutation]
  8869 | Bailey   | Gained mutation: You have an increased reservoir of magic.
                  | (+10% MP) [potion of mutation]
  8870 | Bailey   | Killed from afar by a gargoyle

Illustrated notes

Levels and vault maps discovered:
D:1:      dpeg_arrival_arbitrary_b, layout_loops_ring, serial_shops, shop,
          serial_park_tiny_2, due_unseen_surprise
D:2:      layout_basic
D:3:      layout_basic, dreamdust_ecumenical_altar_angels_and_demons
D:4:      layout_gridville
D:5:      layout_loops_corners, lemuel_temple_firewalk_b,
          hangedman_decor_slide_cut, chequers_serial_rivers_micro_c,
          supply_closet_lemuel
D:6:      layout_basic, hangedman_decor_peaks_small,
          chequers_serial_rivers_micro_b, minmay_fire_ice_demons, uniq_edmund,
          uniq_maggie, uniq_crazy_yiuf_cottage
D:7:      layout_basic, lemuel_coloured_pillars_altar,
          chequers_serial_rivers_micro_c, nicolae_evil_shop
D:8:      layout_loops_ring, led_sif_pool, elyvilon_altar_5, enter_bailey_4,
          hangedman_glass_teeth, uniq_pikel, uniq_psyche, uniq_erica,
          uniq_maurice
Temple:   minmay_temple_bridge_d
Bailey:   bailey_polearm_vampire_castle_hellmonk, bailey

Skill      XL: |  1  2  3  4  5  6  7  8  9 10 |
---------------+-------------------------------+-----
Fighting       | 1 2 3 4 5 7 8 |  8.7
Ice Magic      | 5 6 7 8 9 |  9.9
Spellcasting   | 3 4 5 6 7 |  7.6
Dodging        | 4 5 |  5.8
Conjurations   | 1 3 |  3.1
Translocations | 1 3 |  3.1
Air Magic      | 1 3 |  3.0
Stealth        | |  2.1

Action                     |  1- 3 |  4- 6 |  7- 9 | 10-12 || total
---------------------------+-------+-------+-------+-------++-------
  Melee: Unarmed           |     3 |       |       |       ||     3
         Dagger            |    84 |   108 |   242 |   181 ||   615
         Punch             |       |       |     3 |     5 ||     8
         Tailslap          |       |       |     2 |    11 ||    13
   Cast: Freeze            |    28 |     7 |    18 |    20 ||    73
         Frozen Ramparts   |     3 |    12 |    39 |    25 ||    79
         Ozocubu's Armour  |       |     5 |    25 |    17 ||    47
    Use: Scroll            |       |       |     6 |       ||     6
         Potion            |       |       |     4 |     4 ||     8
   Stab: Sleeping          |     4 |     6 |     1 |       ||    11
         Invisible         |       |       |     2 |       ||     2
 Armour: Robe              |    22 |    24 |    95 |    66 ||   207
  Dodge: Dodged            |    50 |    52 |   192 |   247 ||   541
